 Dungeon Crawl Stone Soup version 0.31-a0-833-gc15d34cb79 (webtiles) character file.

Game seed: 4325646572792223406

4932 omnomnOMINOUS the Destroyer (level 10, 0/71 HPs)
             Began as an Octopode Wanderer on Sept 25, 2023.
             Was a Believer of Ru.
             Slain by a gargoyle
             ... wielding a +0 mace
              (22 damage)
             ... on level 10 of the Dungeon.
             The game lasted 00:36:50 (9534 turns).

omnomnOMINOUS the Destroyer (Octopode Wanderer)     Turns: 9534, Time: 00:36:51

Health: 0/71       AC:  5    Str: 10    XL:     10   Next: 52%
Magic:  25/25      EV: 15    Int: 23    God:    Ru [**....]
Gold:   421        SH:  0    Dex: 10    Spells: 8/16 levels left

rFire   . . .        a - +4 hammer of the Extremes {venom, MP+9 Str-2 Int+3}
rCold   + . .        (no shield)
rNeg    . . .        (helmet restricted)
rPois   .            (no amulet)
rElec   .            o - ring of protection from cold
rCorr   .            B - +4 ring of protection
SInv    .            M - ring of willpower
Will    +....        (no ring)
Stlth   ++           (no ring)
HPRegen 0.31/turn    (no ring)
MPRegen 0.19/turn    (no ring)
                     (no ring)

%: no passive effects
@: mighty, studying Axes
A: almost no armour, amphibious, 8 rings, camouflage 1, gelatinous body 1, no
necromancy magic, no poison magic, no transmutations magic, unskilled 1, (nimble
swimmer 1), tentacles
a: Renounce Religion


You were on level 10 of the Dungeon.
You worshipped Ru.
Ru was pleased with you.
You visited 2 branches of the dungeon, and saw 11 of its levels.
You also visited: Sewer.

You collected 421 gold pieces.

Inventory:

Hand Weapons
 a - the +4 hammer of the Extremes (weapon) {venom, MP+9 Str-2 Int+3}
   (You found it on level 5 of the Dungeon)

   Str-2:     It affects your strength (-2).
   Int+3:     It affects your intelligence (+3).
   MP+9:      It affects your magic capacity (+9).
 b - a +1 broad axe of draining
 c - a +4 trident of draining
 e - a +2 dagger of venom
Missiles
 f - 5 javelins
 h - 3 curare-tipped darts
 A - 6 poisoned darts
Armour
 L - an orb of mayhem
Magical Staves
 q - a staff of fire
Jewellery
 o - a ring of protection from cold (left tentacle)
 B - a +4 ring of protection (right tentacle)
 M - a ring of willpower (on tentacle)
Talismans
 z - a flux talisman
 V - a serpent talisman
Wands
 n - a wand of mindburst (3)
 C - a wand of quicksilver (20)
 F - a wand of flame (74)
 J - a wand of paralysis (5)
 W - a wand of iceblast (17)
Scrolls
 d - 2 scrolls of fear
 g - 4 scrolls of amnesia
 i - 2 scrolls of brand weapon
 j - 2 scrolls of teleportation
 k - a scroll of immolation {unknown}
 m - a scroll of poison {unknown}
 p - a scroll of acquirement {unknown}
 t - 4 scrolls of noise
 w - 2 scrolls of butterflies {unknown}
 y - a scroll of silence {unknown}
 D - 3 scrolls of enchant weapon {unknown}
 E - 4 scrolls of fog
 O - a scroll of blinking {unknown}
 Q - a scroll of revelation {unknown}
 R - 3 scrolls of identify
Potions
 l - 2 potions of might
 r - 2 potions of attraction
 s - 6 potions of enlightenment
 u - a potion of resistance {unknown}
 v - a potion of brilliance {unknown}
 x - a potion of haste
 H - 2 potions of mutation
 I - 2 potions of curing
 N - a potion of magic {unknown}
 P - 2 potions of lignification {unknown}
 S - a potion of ambrosia
 U - a potion of heal wounds {unknown}


   Skills:
 + Level 7.3 Fighting
 * Level 5.2 Axes
 - Level 4.5 Throwing
 + Level 7.1 Dodging
 - Level 3.6 Spellcasting
 - Level 8.0 Conjurations
 + Level 0.0 Summonings
 + Level 2.3 Ice Magic


You had 8 spell levels left.
You knew the following spells:

 Your Spells              Type           Power      Damage    Failure   Level
a - Magic Dart            Conj           100%       1d8       1%          1
b - Hailstorm             Conj/Ice       27%        3d7       4%          3
c - Summon Ice Beast      Ice/Summ       9%         N/A       56%         4

Your spell library contained the following spells:

 Spells                   Type           Power      Damage    Failure   Level
 Summon Mana Viper        Hex/Summ       4%         N/A       97%         5
 Monstrous Menagerie      Summ           2%         N/A       100%        7


Dungeon Overview and Level Annotations

Branches:
Dungeon (10/15)            Temple (1/1) D:5           Sewer (visited)
   Lair: D:8-11         Orc: D:9-12

Altars:
Cheibriados
Dithmenos
Elyvilon
Fedhas
Gozag
Kikubaaqudgha
Makhleb
Nemelex Xobeh
Okawaru
Qazlal
Ru
Trog
Uskayaw
Vehumet
Wu Jian
Xom
Yredelemnul
Zin
The Shining One

Shops:
D:3 *

Annotations:
D:4 exclusions: adder and 2 ogres, Dowan, Duvessa
D:6 2 transporters, knightboat's ghost, novice DjFE


Innate Abilities, Weirdness & Mutations

You cannot wear most types of armour.
You are amphibious.
You can wear up to eight rings at the same time.
Your skin changes colour to match your surroundings (Stealth+).
Your rubbery body absorbs attacks. (AC +1, EV +1)
You cannot study or cast Necromancy magic.
You cannot study or cast Poison magic.
You cannot study or cast Transmutations magic.
You are somewhat unskilled. (-1 Apt)
((You are camouflaged when in or above water. (Stealth+)))
You have tentacles for arms and can constrict up to eight enemies at once.


Message History

You squeeze the gargoyle, but do no damage.
The gargoyle is lightly damaged.
You constrict the gargoyle, but do no damage.
The gargoyle hits you but does no damage.
You barely miss the gargoyle.
You squeeze the gargoyle, but do no damage.
The gargoyle is lightly damaged.
You constrict the gargoyle, but do no damage.
The gargoyle completely misses you.
You hit the gargoyle but do no damage.
You squeeze the gargoyle, but do no damage.
The gargoyle is lightly damaged.
You constrict the gargoyle, but do no damage.
You redirect the gargoyle's attack!
The gargoyle completely misses you. The gargoyle hits you with a +0 mace!
You completely miss the gargoyle.
The gargoyle is lightly damaged.
You constrict the gargoyle. The gargoyle closely misses you.
You hit the gargoyle but do no damage.
You squeeze the gargoyle, but do no damage.
The gargoyle is lightly damaged.
You constrict the gargoyle, but do no damage.
The gargoyle hurls a stone arrow at you.
The stone arrow hits you!
You hit the gargoyle but do no damage.
The gargoyle is lightly damaged.
You constrict the gargoyle, but do no damage.
The gargoyle misses you.
You feel very mighty all of a sudden.
You constrict the gargoyle, but do no damage.
The gargoyle hits you with a +0 mace.
You hit the gargoyle but do no damage.
The gargoyle is lightly damaged.
You constrict the gargoyle. The gargoyle hits you with a +0 mace.
You hit the gargoyle.
The gargoyle is lightly damaged.
You constrict the gargoyle, but do no damage.
The gargoyle hurls a stone arrow at you.
The stone arrow misses you. The gargoyle hits you with a +0 mace!!
You die...

...........................
...################'#######
###.#................# #
#.#................#
###.#................#
....#................#
...##........#'########
...# ####+####........#
...# ........@.###.# ...#
....#####9# ...# ... ...
...# . .#.# #### ....# #.
## .. #.


You could see a gargoyle.

Vanquished Creatures
  Pikel (D:7)
  Maggie (D:8)
  Jeremiah (D:7)
  2 trolls
  Prince Ribbit (D:5)
  A shadow (D:10)
  2 yaks
  A water moccasin (D:8)
  A sky beast (D:6)
  A black bear (D:5)
  A centaur (D:5)
  Blork the orc (D:6)
  4 bullfrogs
  5 scorpions
  4 wights (D:8)
  2 killer bees (D:8)
  An electric eel (D:6)
  3 howler monkeys
  2 hounds
  A gnoll bouda (D:6)
  4 orc priests
  8 jellies
  Crazy Yiuf (D:5)
  2 sleepcaps
  Ijyb (D:2)
  4 iguanas
  12 orc wizards
  11 adders
  3 gnolls (D:6)
  3 river rats (Sewer)
  A shadow imp (D:6)
  A white imp (D:7)
  An ufetubus (D:3)
  4 worms
  3 dart slugs
  37 orcs
  4 endoplasms
  11 giant cockroaches
  10 goblins
  7 hobgoblins
  4 jackals
  8 quokkas
  7 ball pythons
  11 bats
  A frilled lizard (D:1)
  8 kobolds
  4 rats
207 creatures vanquished.

Vanquished Creatures (collateral kills)
  2 killer bees (D:8)
2 creatures vanquished.

Vanquished Creatures (others)
  An acid dragon (D:10)
1 creature vanquished.

Grand Total: 210 creatures vanquished

Notes
Turn   | Place    | Note
-------+----------+-------------------------------------------
     0 | D:1      | omnomnOMINOUS the Octopode Wanderer began the quest for the
                  | Orb.
     0 | D:1      | omnomnOMINOUS set off with the following items: a +2
                  | dagger, 3 curare-tipped darts, a scroll of fog, a scroll of
                  | fear; and the following spell memorised: Magic Dart; and
                  | the following spells available to memorise: Hailstorm.
     0 | D:1      | Reached XP level 1. HP: 11/11 MP: 2/2
   235 | D:1      | Reached XP level 2. HP: 18/18 MP: 0/3
   599 | D:1      | Reached skill level 1 in Dodging
   635 | D:1      | Reached skill level 1 in Fighting
   744 | D:1      | Reached XP level 3. HP: 17/23 MP: 0/5
  1521 | D:2      | Noticed Ijyb
  1561 | D:2      | Reached XP level 4. HP: 28/28 MP: 4/6
  1654 | D:2      | Killed Ijyb
  1844 | D:3      | Found an iron altar of Okawaru.
  2113 | D:3      | Found a bloodstained altar of Trog.
  2212 | D:3      | Found Liycam's General Store.
  2213 | D:3      | Found an ancient bone altar of Kikubaaqudgha.
  2396 | D:3      | Reached XP level 5. HP: 8/34 MP: 3/8
  2505 | D:3      | Found a blossoming altar of Fedhas.
  3072 | D:4      | Noticed an ogre
  3250 | D:4      | Noticed an ogre
  3268 | D:4      | Noticed Dowan
  3268 | D:4      | Noticed Duvessa
  3314 | D:5      | Entered Level 5 of the Dungeon
  3342 | D:5      | Reached XP level 6. HP: 41/41 MP: 4/10
  3417 | D:5      | Reached skill level 5 in Conjurations
  3489 | D:5      | Noticed Prince Ribbit
  3514 | D:5      | Killed Prince Ribbit
  3515 | D:5      | Reached XP level 7. HP: 39/46 MP: 0/12
  3702 | D:5      | Found a staircase to the Ecumenical Temple.
  3740 | Temple   | Entered the Ecumenical Temple
  3773 | Temple   | Became a worshipper of Ru the Awakened
  3801 | D:5      | Found a runed translucent door.
  3802 | D:5      | Noticed Crazy Yiuf
  3810 | D:5      | Killed Crazy Yiuf
  3813 | D:5      | Identified the +4 hammer of the Extremes {venom, MP+9 Str-2
                  | Int+3}
  4164 | D:5      | Found a radiant altar of Vehumet.
  4176 | D:5      | Reached XP level 8. HP: 54/54 MP: 13/13
  4287 | D:5      | Reached skill level 6 in Conjurations
  4664 | D:6      | Found a glowing drain.
  4775 | Sewer    | Entered a sewer
  5001 | Sewer    | Reached skill level 5 in Fighting
  5347 | D:6      | Reached skill level 5 in Dodging
  5685 | D:6      | Noticed Blork the orc
  5697 | D:6      | Killed Blork the orc
  5698 | D:6      | Reached skill level 7 in Conjurations
  5936 | D:6      | Reached XP level 9. HP: 62/62 MP: 11/15
  6054 | D:6      | Gained mutation: You cannot study or cast Poison magic. [Ru
                  | sacrifice]
  6054 | D:6      | Gained mutation: You cannot study or cast Transmutations
                  | magic. [Ru sacrifice]
  6054 | D:6      | Gained mutation: You cannot study or cast Necromancy magic.
                  | [Ru sacrifice]
  6054 | D:6      | Reached * piety under Ru
  6318 | D:6      | Found an opulent altar of Gozag.
  6392 | D:6      | Noticed a queen bee
  6406 | D:6      | Noticed knightboat's ghost (novice DjFE)
  6412 | D:6      | Found a transporter.
  6416 | D:6      | Found a transporter.
  6919 | D:7      | Noticed Jeremiah
  6956 | D:7      | Killed Jeremiah
  7104 | D:7      | Noticed Pikel
  7118 | D:7      | Killed Pikel
  7119 | D:7      | Reached skill level 8 in Conjurations
  7554 | D:8      | Noticed a troll
  7949 | D:8      | Found a large runed translucent door.
  7949 | D:8      | Found a large runed translucent door.
  8078 | D:7      | Learned a level 3 spell: Hailstorm
  8172 | D:8      | Found a stormy altar of Qazlal.
  8206 | D:8      | Reached skill level 1 in Axes
  8271 | D:8      | Noticed Maggie
  8278 | D:8      | Killed Maggie
  8279 | D:8      | Reached skill level 1 in Ice Magic
  8279 | D:8      | Reached XP level 10. HP: 67/71 MP: 16/16
  8630 | D:9      | Noticed a two-headed ogre
  9006 | D:8      | Found a glowing golden altar of the Shining One.
  9020 | D:8      | Found a white marble altar of Elyvilon.
  9030 | D:8      | Gained mutation: You are somewhat unskilled. (-1 Apt) [Ru
                  | sacrifice]
  9030 | D:8      | Reached ** piety under Ru
  9294 | D:10     | Entered Level 10 of the Dungeon
  9316 | D:10     | Reached skill level 5 in Axes
  9452 | D:10     | Learned a level 4 spell: Summon Ice Beast
  9460 | D:10     | Found a snail-covered altar of Cheibriados.
  9521 | D:10     | Noticed a gargoyle
  9534 | D:10     | Slain by a gargoyle

Illustrated notes

Levels and vault maps discovered:
D:1:      evilmike_arrival_plus, layout_rooms
D:2:      kennysheep_the_goblin_king, layout_rooms, minivault_4,
          kennysheep_generic_room_5
D:3:      layout_basic, bloody_trog, kiku_gazebo_pond_becter,
          okawaru_metal_pillars_3, lemuel_doored_altar, serial_shops, shop,
          minmay_parallelograms
D:4:      minmay_octagon_keep, layout_rooms, minmay_misc_feat_five, uniq_duvessa
D:5:      layout_rooms, mainiacjoe_overflow_small_starburst,
          minmay_temple_entry_butterflies, uniq_prince_ribbit1,
          uniq_crazy_yiuf_cottage, uniq_ijyb
D:6:      layout_basic, nicolae_gozag_cash_rules_everything_around_me,
          gup_sewer_entry_pipe, gammafunk_ghost_hive, nicolae_lava_and_water,
          minmay_manual_mandibuliform, uniq_blork_the_orc
D:7:      layout_basic, uniq_jeremiah, uniq_pikel
D:8:      layout_basic, mainiacjoe_overflow_boulevard, jmf_multi_god_temple2,
          uniq_maggie
D:9:      layout_cave_pools, tgw_sif, dpeg_oklobed_lair, grunt_decor_arrowhead,
          minmay_statues_item
D:10:     minmay_spotlight, layout_stronghold, kennysheep_little_box,
          slow_altar_1, nzn_hepliaklqana_mist_gate, serial_shops, shop,
          grunt_ministairs_2, uniq_joseph
Temple:   hellmonk_temple_forest_ring

Skill      XL: |  1  2  3  4  5  6  7  8  9 10 |
---------------+-------------------------------+-----
Dodging        | 1 2 3 4 5 7 7 |  7.1
Fighting       | 1 2 3 4 5 7 |  7.3
Spellcasting   | 2 3 4 3 |  3.6
Conjurations   | 5 7 8 |  8.0
Axes           | 2 5 |  5.2
Ice Magic      | 1 2 |  2.3
Throwing       | 4 |  4.5

Action                     |  1- 3 |  4- 6 |  7- 9 | 10-12 || total
---------------------------+-------+-------+-------+-------++-------
  Melee: Dagger            |    29 |       |       |       ||    29
         Constrict         |    16 |    17 |    52 |     8 ||    93
         Tentacles         |    10 |    11 |    47 |    12 ||    80
         Short sword       |    29 |    25 |       |       ||    54
         Punch             |     1 |     1 |     1 |     2 ||     5
         Trident           |       |    34 |    13 |       ||    47
         Mace              |       |       |   204 |    57 ||   261
   Cast: Magic Dart        |    50 |    75 |    96 |    14 ||   235
         Hailstorm         |       |       |       |    12 ||    12
 Invoke: Sacrifice Arcana  |       |       |     1 |       ||     1
         Sacrifice Skill   |       |       |       |     1 ||     1
  Evoke: Wand              |       |     2 |     7 |     2 ||    11
    Use: Scroll            |       |     3 |     4 |       ||     7
         Potion            |       |     2 |     3 |     2 ||     7
   Stab: Sleeping          |     2 |     1 |    20 |     1 ||    24
 Armour: Skin              |    35 |    39 |   138 |    48 ||   260
  Dodge: Dodged            |    29 |    44 |   152 |    65 ||   290

Table legend: (Time is in decaauts)
 A = Elapsed time spent in this place.
 B = Non-inter-level travel time spent in this place.
 C = Inter-level travel time spent in this place.
 D = Time resting spent in this place.
 E = Time spent auto-exploring this place.
 F = Levels seen in this place.
 G = Mean time per level.
                   A        B        C        D        E       F      G
               +--------+--------+--------+--------+--------+-----+--------+
         Total |   9616 |   9181 |    435 |   2140 |   4559 |  12 |  801.3 |
       Dungeon |   8989 |   8589 |    400 |   2140 |   4188 |  10 |  898.9 |
        Temple |     54 |     19 |     35 |      0 |      0 |   1 |   54.0 |
         Sewer |    573 |    573 |      0 |      0 |    371 |   1 |  573.0 |
               +--------+--------+--------+--------+--------+-----+--------+

Top non-repeatable levels by time:
     D:6: 1744 daAuts
     D:8: 1393 daAuts
     D:5: 1267 daAuts
     D:7: 926 daAuts
     D:3: 889 daAuts
     D:1: 881 daAuts
     D:2: 842 daAuts
     D:4: 697 daAuts
   Sewer: 573 daAuts
    D:10: 247 daAuts
     D:9: 98 daAuts
  Temple: 54 daAuts
